[Event "Susha Chess Blitz Women 2022"]
[Site "Shusha"]
[Date "2022.09.24"]
[Round "1"]
[White "Dzagnidze, Nana"]
[Black "Mammadzada, Gunay"]
[Result "0-1"]
[ECO "A34"]
[WhiteElo "2526"]
[BlackElo "2473"]
[Annotator "TA"]
[PlyCount "39"]
[EventDate "2022.09.24"]
[EventType "tourn"]
[EventCountry "AZE"]
[SourceTitle "playchess.com"]
[Source "ChessBase"]
[SourceQuality "1"]
[TimeControl "180+2"]

1. c4 c5 2. Nc3 g6 3. Nf3 Bg7 4. e3 Nf6 5. b3 d5 6. cxd5 {[%emt 0:00:02] A34: Symmetrical English: 2 Nc3, lines with ...d5.} (6. Bb2 $5 ) 6... Nxd5 7. Bb2 Nb4 {[%emt 0:00:15] [#]} 8. d3 $146 {[%emt 0:01:04] The position is equal.} ({Predecessor:} 8. Bb5+ Bd7 9. Bc4 Bf5 10. O-O Bd3 11. Bxd3 Nxd3 12. Rb1 Nc6 13. Ba1 O-O 14. Ne1 {½-½ (22) Meszaros,M (2391)-Ivic,M (2231) Novi Sad 2016}) 8... Bf5 9. e4 (9. Na4 $11 {keeps the balance.} Bxb2 10. Nxb2) 9... Bg4 $17 10. Be2 Bxf3 {[%emt 0:00:23] Black has more active pieces. The white rooks are badly placed.} 11. gxf3 N8c6 12. a3 Na6 13. O-O Nc7 14. Rb1 O-O 15. b4 (15. f4 $17 {was necessary.}) 15... cxb4 $19 16. axb4 Nxb4 17. Ba1 (17. f4 $142) 17... a5 18. f4 Ne6 19. Qd2 Nd4 20. Bg4 {White got outplayed after the opening.  Weighted Error Value: White=0.32/Black=0.08 (flawless)} 0-1

[Event "Susha Chess Blitz Women 2022"]
[Site "Shusha"]
[Date "2022.09.24"]
[Round "1"]
[White "Efroimski, Marsel"]
[Black "Zawadzka, Jolanta"]
[Result "0-1"]
[ECO "B50"]
[WhiteElo "2462"]
[BlackElo "2401"]
[Annotator "TA"]
[PlyCount "82"]
[EventDate "2022.09.24"]
[EventType "tourn"]
[EventCountry "AZE"]
[SourceTitle "playchess.com"]
[Source "ChessBase"]
[SourceQuality "1"]
[TimeControl "180+2"]

1. e4 c5 2. Nf3 d6 3. Nc3 Nf6 4. e5 dxe5 5. Nxe5 a6 6. g3 {[%emt 0:00:01] B50: Sicilian: 2...d6, Miscellaneous.} Qc7 {[%emt 0:00:02] 6...Qd6 injects fresh life into this line.} 7. d4 e6 8. Bg2 (8. Nc4 $11) 8... cxd4 $1 $15 9. Qxd4 {[%emt 0:00:13] Black must now prevent Bf4.} Bc5 $1 10. Qa4+ {[%emt 0:00:22] [#]} Nbd7 $146 (10... b5 $11 11. Qf4 Bb7 12. Bxb7 Qxb7) ({Predecessor:} 10... b5 11. Qf4 Bb7 12. Bxb7 Qxb7 13. O-O {½-½ (13) Vedder,H (2385)-Aagaard,J (2255) Vejen 1993}) 11. Nxd7 (11. Nd3 $14) 11... Bxd7 12. Qh4 ({Better is} 12. Qb3 $15) 12... O-O (12... Qe5+ $17 13. Ne2 Bb5) 13. O-O $1 Bc6 14. Bf4 Qb6 15. Bxc6 Qxc6 16. Be5 {[%emt 0:00:07] Against Bd4} Be7 17. Qh3 Rfd8 18. Rad1 b5 {[%emt 0:00:04] Threatens to win with ...b4.} 19. Qg2 $1 Qc5 20. Bxf6 Bxf6 21. Ne4 ({White should try} 21. Rxd8+ Rxd8 22. Rd1) 21... Qxc2 $17 {[%emt 0:00:12] Black is more active.} 22. Nxf6+ gxf6 23. Rxd8+ (23. Rb1 $17) 23... Rxd8 {[%emt 0:00:01][%mdl 4096] Endgame KQR-KQR} 24. Qb7 Qxb2 25. Qxa6 Rd5 26. a3 Kg7 27. h4 (27. Kg2 $142) 27... Qe2 (27... Rd3 $19 {is more deadly.} 28. Qb7 Rxa3) 28. a4 $2 {[%emt 0:00:02] Now White is beyond hope.} (28. Qa5 $17) 28... Rd1 $19 29. Rxd1 Qxd1+ {[%emt 0:00:01] KQ-KQ} 30. Kh2 bxa4 {[%emt 0:00:04] [#] ( -> ...Qb3)} 31. Qa5 Qd4 {[%emt 0:00:07] Black mates.} 32. Kg1 Qa1+ 33. Kh2 a3 34. h5 h6 35. Qa4 f5 36. g4 a2 37. Kg2 Qb2 38. g5 a1=Q 39. gxh6+ Kh7 40. Qd7 Qf6 41. Kh2 Qae5+ {[%emt 0:00:02] Weighted Error Value: White=0.64/Black=0.16 (very precise)} 0-1

[Event "Susha Chess Blitz Women 2022"]
[Site "Shusha"]
[Date "2022.09.24"]
[Round "1"]
[White "Arabidze, Meri"]
[Black "Ozturk Orenli, Kubra"]
[Result "1/2-1/2"]
[ECO "D26"]
[WhiteElo "2422"]
[BlackElo "2319"]
[Annotator "TA"]
[PlyCount "99"]
[EventDate "2022.09.24"]
[EventType "tourn"]
[EventCountry "AZE"]
[SourceTitle "playchess.com"]
[Source "ChessBase"]
[SourceQuality "1"]
[TimeControl "180+2"]

1. Nf3 Nf6 2. d4 d5 3. c4 dxc4 4. e3 e6 5. Bxc4 Be7 6. O-O O-O 7. Qe2 a6 {[%emt 0:00:05] D26: Queen's Gambit Accepted: 4 e3 e6 5 Bxc5 c5 sidelines.} 8. a4 b6 9. Rd1 Bb7 {[%emt 0:00:05] White is slightly better.} 10. Nc3 Nbd7 11. e4 Re8 {[%emt 0:00:50] [#]} 12. e5 $146 {[%emt 0:00:07] White is more active.} ({Better is} 12. Ng5 $16) ({Predecessor:} 12. Ne5 c5 13. Nxf7 Kxf7 14. Bxe6+ Kf8 15. e5 cxd4 16. Bg5 Qc7 17. exf6 Bxf6 18. Qg4 {1-0 (48) Rajkovic,D (2215)-Jakovljevic,Z (2068) Belgrade 2014}) 12... Nd5 $11 13. Nxd5 exd5 14. Bd3 Nf8 15. a5 c5 16. b3 b5 17. dxc5 Bxc5 18. Bb2 Ne6 19. Bf5 Qe7 20. Qc2 g6 21. Bxe6 fxe6 22. Bd4 Bb4 23. h4 Rac8 24. Qe2 Bc3 25. Bxc3 Rxc3 26. Rd3 Rec8 27. Rad1 Qb4 (27... d4 $16) 28. Nd4 {[%emt 0:00:05] Black must now prevent Rxc3.} Qe7 (28... Rxd3 $16 29. Qxd3 Qxa5) 29. h5 {[%emt 0:00:05] Hoping for hxg6.} Qf7 (29... Rxd3 {might work better.} 30. Qxd3 gxh5) 30. hxg6 hxg6 (30... Qxg6 31. Rxc3 Rxc3) 31. Rxc3 $18 Rxc3 32. Qg4 Bc8 33. Qg5 Bd7 34. g3 Rc8 35. Kg2 Kg7 (35... Rf8 $2 36. f4 Qg7 37. Rc1 $18) (35... Qg7 $142 36. Rh1 Kf7) 36. Rh1 {[%emt 0:00:05] Threatening mate with Qh6+.} Rh8 {[%emt 0:00:02] Inhibits Qh6+.} 37. Rxh8 Kxh8 {[%emt 0:00:01][%mdl 4096] Endgame KQB-KQN} 38. Qd8+ Kg7 39. Qb6 $2 (39. Qa8 g5 40. Qxa6) 39... Bc8 40. Qd8 $2 {[%emt 0:00:06] Inhibits Qe7.} ({White should play} 40. b4 $18) 40... Qd7 $2 (40... Bd7 $1 $11 {and Black is okay.} 41. Qa8 g5 42. Qxa6 g4) 41. Qf6+ Kh7 42. Nf3 (42. Qf8 $142 {Threatens to win with Nf3.} Bb7 43. b4) 42... d4 (42... Qe8 43. Ng5+ (43. Qh4+ Kg8 $18) 43... Kg8) 43. Ng5+ Kh6 44. f4 (44. Qh8+ $142 Qh7 45. Nf7+ Kh5 46. Qxh7+ Kg4 47. Qxg6#) 44... Bb7+ (44... Qc6+ $18 45. Nf3 Kh7) 45. Kf2 Qc8 46. Nf7+ Kh7 {[%emt 0:00:00] [#]} 47. Ng5+ $2 (47. g4 $1 {mates} Bd5 48. Qe7 Kg8 49. Nh6+ Kh8 50. Kg3 g5 51. Nf7+ Kg8 52. Nxg5) 47... Kh6 $11 48. Nf7+ $2 (48. Nxe6 $11 Qc2+ 49. Kf1 Qg2+ 50. Ke1 Qxg3+ 51. Ke2 Qe3+ 52. Kf1 Qd3+ 53. Kf2 Qe3+ 54. Kf1 Qd3+ 55. Kf2 Qe3+ 56. Kf1) 48... Kh7 $18 {[%emt 0:00:00] [#]} 49. Ng5+ $2 ({White has to play} 49. g4 $1 $18 {White threatens Qe7 and mate.} b4 50. Qe7) 49... Kh6 $11 50. Nf7+ {Weighted Error Value: White=0.67/Black=0.85} 1/2-1/2

[Event "Susha Chess Blitz Women 2022"]
[Site "Shusha"]
[Date "2022.09.24"]
[Round "1"]
[White "Fataliyeva, Ulviyya"]
[Black "Mammadova, Gulnar"]
[Result "0-1"]
[ECO "A40"]
[WhiteElo "2408"]
[BlackElo "2382"]
[Annotator "TA"]
[PlyCount "89"]
[EventDate "2022.09.24"]
[EventType "tourn"]
[EventCountry "AZE"]
[SourceTitle "playchess.com"]
[Source "ChessBase"]
[SourceQuality "1"]
[TimeControl "180+2"]

1. d4 e6 2. Nf3 f5 3. g3 Nf6 4. Bg2 g6 5. c4 Bg7 6. Nc3 {[%emt 0:00:01] A81: Dutch Defence: 2 g3.} d5 7. Bf4 c6 8. c5 {[%emt 0:00:27] [#] White is slightly better.} O-O $146 ({Predecessor:} 8... Ne4 9. Qc1 b6 10. Nxe4 dxe4 11. Nd2 Qxd4 12. Nc4 Qxc5 13. Bd6 Qd5 14. Qg5 Bf8 {1-0 (42) Zschaebitz,K (2054)-Lueders,G (2166) Berlin 2006}) 9. Qc1 b6 10. b4 Ne4 11. Be5 (11. Rb1 $11 {remains equal.}) 11... bxc5 $1 $17 12. Bxg7 (12. bxc5 $2 Qa5 13. O-O (13. Bxg7 $2 Kxg7 14. Ne5 Qxc3+ $19) 13... Qxc3 $19) 12... Kxg7 13. dxc5 Qf6 14. Na4 Ba6 15. Qb2 Nd7 {[%emt 0:00:12] Hoping for ...Bb5.} 16. Qxf6+ Kxf6 (16... Rxf6 17. Rc1) ({Weaker is} 16... Ndxf6 17. Nb2 $11 (17. Nd4 Rfe8 $15)) 17. Nd4 e5 18. Nb3 Rfb8 $1 {[%emt 0:00:06] Black is much more active. The white rooks are badly placed.} 19. a3 {[%emt 0:00:03] [#]} g5 $2 (19... Bb5 $1 $17 20. Nb2 a5 21. Nxa5 {[#]} Ndxc5 $1) 20. f3 (20. g4 $5) 20... Bb5 21. Nb2 ({White should try} 21. fxe4 Bxa4 22. exd5 Bxb3 23. dxc6 Nxc5 24. bxc5) 21... Nc3 $36 {[%emt 0:00:01][%mdl 2048] White is under pressure.} 22. Kd2 Nxe2 {[%emt 0:00:04][%cal Oa7a5] And now ...a5! would win.} 23. a4 $2 {[%emt 0:00:01] Now White is beyond hope.} (23. Bf1 $1 $11) 23... Ba6 $19 24. b5 cxb5 25. axb5 (25. Rhb1 $142) 25... Bxb5 26. Bf1 Nd4 27. Nxd4 Bxf1 ({Not} 27... exd4 $2 28. Bxb5 Nxc5 29. Kc2 Rxb5 30. Nd3) 28. Rhxf1 Rxb2+ 29. Kc3 Rxh2 ({And not} 29... exd4+ 30. Kxb2 Nxc5 31. Ra5 $11) 30. Ra6+ Kf7 31. Nxf5 Nxc5 32. Rc6 Ne6 (32... Na4+ $142 33. Kb3 Rb8+ 34. Ka3 Nb6 35. Nd6+ Ke7) 33. Nd6+ (33. Rb1 $142 Nd8 34. Nd6+ Kg6 35. Ra6) 33... Ke7 34. Nf5+ Kf6 35. g4 d4+ 36. Kd3 Rb8 37. Nxd4 $2 (37. Ra1 Rb6 38. Ra6) 37... exd4 {[%emt 0:00:01] Black is clearly winning.} 38. Re1 Rb3+ 39. Ke4 Rb6 40. Rxb6 axb6 41. Kd5 Nf4+ 42. Kxd4 Rd2+ 43. Kc3 Rd3+ 44. Kc4 Rxf3 45. Kd4 {Weighted Error Value: White=0.79/Black=0.46} 0-1

[Event "Susha Chess Blitz Women 2022"]
[Site "Shusha"]
[Date "2022.09.24"]
[Round "1"]
[White "Beydullayeva, Govhar"]
[Black "Balajayeva, Khanim"]
[Result "1-0"]
[ECO "D26"]
[WhiteElo "2346"]
[BlackElo "2379"]
[Annotator "TA"]
[PlyCount "71"]
[EventDate "2022.09.24"]
[EventType "tourn"]
[EventCountry "AZE"]
[SourceTitle "playchess.com"]
[Source "ChessBase"]
[SourceQuality "1"]
[TimeControl "180+2"]

1. d4 d5 2. c4 dxc4 3. Nf3 Nf6 4. e3 e6 5. Bxc4 a6 6. O-O Nbd7 7. a4 c5 8. Nc3 Be7 9. e4 {[%emt 0:00:15] D27: Queen's Gambit Accepted: Classical main line: 7 e4!? and 7 a4.} cxd4 10. Qxd4 Bc5 11. Qd3 {[%emt 0:00:14] White is slightly better.} Qc7 {[%emt 0:00:08] [#] Against e5} 12. Bg5 $146 (12. Qe2 $5 ) ({Predecessor:} 12. Rb1 Ng4 13. Qe2 Nge5 14. Bf4 Bd6 15. Nxe5 Bxe5 16. Bxe5 Nxe5 17. Ba2 O-O 18. Rbc1 {½-½ (60) Fedorova,A-Tyshkevich,J Smolensk 2001}) 12... Ng4 13. Bh4 ({Better is} 13. Qe2 $11) 13... Nde5 {[%emt 0:00:29] ( -> ...Nxf3+)} 14. Nxe5 Nxe5 15. Qg3 g5 (15... f6 $15 {keeps the upper hand.} 16. Qf4 Bd6) 16. Bxg5 Rg8 {[%emt 0:00:02] [#] Strongly threatening ...f6.} 17. Rad1 $2 (17. Be2 $1 $16 {stays on course.}) 17... h6 $4 {[%emt 0:00:30][%mdl 8192] [#] White leaves nothing to chance now.} (17... f6 $19 18. Qh3 Rxg5 19. Bxe6 Qc6 20. Bxc8 Qxc8 21. Qxc8+ Rxc8) 18. Qxe5 $3 $18 {[%mdl 512] White is clearly winning.} Bd6 (18... Bb6 19. Rd8+) 19. Qxd6 Qxd6 20. Rxd6 Rxg5 21. Rfd1 Ke7 22. Rd8 Rc5 23. Bb3 b5 24. axb5 axb5 25. f3 Ra7 26. Rh8 Bd7 27. Rxh6 b4 28. Ne2 Ba4 29. Bxa4 Rxa4 30. Rh8 Ra2 31. Rd2 b3 32. Rb8 Rc2 33. Rxc2 bxc2 34. Kf2 Kd7 35. Rb3 Ra1 36. Rc3 {[%emt 0:00:01] Weighted Error Value: White=0.50/Black=0.37} 1-0

[Event "Susha Chess Blitz Women 2022"]
[Site "Shusha"]
[Date "2022.09.24"]
[Round "2"]
[White "Mammadzada, Gunay"]
[Black "Dzagnidze, Nana"]
[Result "0-1"]
[ECO "B30"]
[WhiteElo "2473"]
[BlackElo "2526"]
[Annotator "TA"]
[PlyCount "134"]
[EventDate "2022.09.24"]
[EventType "tourn"]
[EventCountry "AZE"]
[SourceTitle "playchess.com"]
[Source "ChessBase"]
[SourceQuality "1"]
[TimeControl "180+2"]

1. e4 c5 2. Nf3 Nc6 3. Bb5 e6 4. O-O Nge7 5. Re1 b6 6. c3 {[%emt 0:00:12] B30: Sicilian: 2...Nc6 3 Bb5, lines without ...g6.} Bb7 7. d4 {[%emt 0:00:03] Strongly threatening d5.} cxd4 8. cxd4 {[%emt 0:00:02] White is slightly better.} a6 {[%emt 0:00:02] [#]} 9. Bf1 $146 ({Predecessor:} 9. Ba4 b5 10. Bc2 d5 11. exd5 Nxd5 12. Nc3 Ncb4 13. Be4 Rc8 14. Ng5 Be7 15. h4 {1-0 (30) Bohm,H-Bellon Lopez,J Groningen 1969}) 9... d5 10. e5 Nf5 11. Nc3 Be7 12. a3 (12. g4 Nh4 $11) 12... h5 13. g3 g5 $1 {[%emt 0:00:02] Prevents h4. Threatens to win with ...g4.} 14. h3 (14. Bd3 $11) 14... b5 15. Bg2 g4 16. hxg4 hxg4 17. Nh2 Ncxd4 {[%emt 0:00:01] Hoping for ...Qb6.} 18. Nxg4 Qb6 $36 {[%emt 0:00:01][%cal Of5g3][%mdl 2048] aiming for ...Nxg3! Black has some pressure.} 19. Ne3 O-O-O 20. a4 b4 {[%emt 0:00:10] ...Nxg3 is the strong threat.} 21. a5 Qc7 {[%emt 0:00:09] Chess con chili.} 22. Na4 ({White must play} 22. Ne2 $1 $15 Bc5 23. Nf4) 22... Kb8 $17 {[%emt 0:00:04] Black has more active pieces. The white rooks are badly placed.} (22... Qxa5 23. g4 Rdg8 24. Nxf5 (24. gxf5 b3 $11) 24... Nxf5 25. gxf5 $15) 23. Bd2 (23. b3 $17) 23... Qxa5 $19 (23... Qxe5 $2 24. Nxf5 Qxf5 25. Bf4+ Qxf4 26. gxf4 $18) 24. Nxf5 Nxf5 (24... exf5 25. Be3 Ne6 26. Nc5 $1 Qxc5 27. Bxc5 Bxc5 28. Rc1 $16) 25. Qe2 $2 (25. Bf4) 25... Qb5 26. Qd1 (26. b3 $142 Qxe2 27. Rxe2) 26... d4 {[%emt 0:00:01] White must now prevent ...Bxg2.} 27. Bf3 {[%emt 0:00:05] [#]} Bxf3 (27... Ne3 $142 $1 28. fxe3 (28. Qe2 Qxe2) 28... dxe3 29. Rxe3 Bg5) 28. Qxf3 Qb7 (28... Rh7 $142 29. Qe4 Rdh8) 29. Qxb7+ Kxb7 30. Rec1 Rc8 {[%emt 0:00:01] Prevents Nc5+.} 31. Kg2 {[%emt 0:00:01] [#]} Rcg8 (31... d3 $1 $19 {is more deadly. And now ...Rc2 would win.} 32. Rxc8 Rxc8) 32. Kf1 $2 (32. Rc4 $17 {is tougher.}) 32... d3 33. b3 Rh1+ 34. Kg2 Rh5 (34... Rxc1 $142 35. Rxc1 Rd8) 35. Nb2 Nh4+ ({Don't go for} 35... Nd4 $2 36. Rh1 Rxh1 37. Rxh1 $19) 36. Kf1 Nf3 37. Nc4 (37. Be3 Nxe5 38. Bf4) 37... Nxd2+ 38. Nxd2 Rh1+ 39. Kg2 Rxc1 40. Rxc1 {[%emt 0:00:00][%mdl 4096] Endgame [#] KRB-KRN} Bg5 $1 41. Rd1 Bxd2 42. Rxd2 {[%emt 0:00:01] KR-KR} Rd8 43. Kf3 Rd5 $2 (43... a5 $19 44. Ke3 Kc6 45. Rxd3 Rxd3+ 46. Kxd3 Kb5) 44. Ke4 $11 Kc7 (44... Kc6 $11 45. Rxd3 Rxd3 46. Kxd3 Kb5) 45. Rxd3 $14 Ra5 46. Rd4 ({White should play} 46. Rf3 $14) 46... Ra2 $11 47. f4 a5 48. Rc4+ Kd7 49. Rc5 Ra3 50. g4 Rxb3 51. Rxa5 Rb1 52. Ra7+ Ke8 53. Rb7 b3 54. Kd3 b2 55. Kc2 Rf1 56. Kxb2 Rxf4 57. Rb8+ Ke7 58. Rb7+ Kf8 59. Rb8+ Kg7 60. Kc3 {Against Rc4+} Rxg4 61. Kd3 Kg6 62. Rb7 Rf4 63. Ke3 Rf1 64. Ke4 Re1+ 65. Kf4 Rc1 66. Rb4 Rf1+ 67. Kg4 $2 (67. Ke4 $11) 67... Rg1+ $2 {[%mdl 32768] Weighted Error Value: White=0.80/Black=0.46. Loss on time!?} ({Better is} 67... Rf5 $19 68. Re4 Kg7) 0-1

[Event "Susha Chess Blitz Women 2022"]
[Site "Shusha"]
[Date "2022.09.24"]
[Round "2"]
[White "Zawadzka, Jolanta"]
[Black "Efroimski, Marsel"]
[Result "0-1"]
[ECO "D02"]
[WhiteElo "2401"]
[BlackElo "2462"]
[Annotator "TA"]
[PlyCount "44"]
[EventDate "2022.09.24"]
[EventType "tourn"]
[EventCountry "AZE"]
[SourceTitle "playchess.com"]
[Source "ChessBase"]
[SourceQuality "1"]
[TimeControl "180+2"]

1. d4 d5 2. Nf3 Nf6 3. g3 e6 4. Bg2 b5 5. O-O Be7 6. a4 {[%emt 0:00:02] A46: 1 d4 Nf6 2 Nf3 e6: Torre, London and Colle Systems.} b4 7. c4 bxc3 8. bxc3 {[%emt 0:00:15] The position is equal.} O-O 9. c4 a5 {[%emt 0:00:08] [#]} 10. c5 $146 ({Predecessor:} 10. Ba3 Na6 11. Ne5 Bxa3 12. Nxa3 Nb4 13. cxd5 Nfxd5 14. Qd2 Ba6 15. Rfc1 Qd6 16. Nac4 Bxc4 17. Nxc4 {1-0 (113) Kozak,A (2535)-Rosen,E (2359) Chess.com INT 2022}) 10... Nc6 11. Nc3 Ba6 12. h3 (12. Bf4 $11) 12... Rb8 13. g4 ({Better is} 13. Nb5 $15) 13... Ne4 $17 14. Bd2 Bf6 {[%emt 0:00:01] Black is much more active.} 15. Qc2 (15. Be1 $17) 15... Bxd4 {[%emt 0:00:30] [#] ...Nb4 is the strong threat.} 16. Nxe4 dxe4 (16... Bxa1 17. Neg5 g6 18. Rxa1 $15) 17. Qxe4 Bxa1 18. Rxa1 Qd5 19. Qc2 {[%emt 0:00:05] [#] aiming for Ng5.} Nb4 ({Don't play} 19... Bxe2 20. Ng5 Bd3 21. Bxd5 $18) 20. Qc3 Qc4 ({Not} 20... Bxe2 21. Ne5 Qd8 22. c6 $17) (20... Bb7 $19 {Strongly threatening ...f6.} 21. g5 Qe4) 21. Qe5 (21. Ne5 $17 Qxc3 22. Bxc3) 21... Qxe2 $19 22. Qh5 $2 (22. Qxe2 Bxe2 23. Nd4) 22... Qd3 {[%emt 0:00:18] Weighted Error Value: White=0.61/Black=0.16 (very precise)} 0-1

[Event "Susha Chess Blitz Women 2022"]
[Site "Shusha"]
[Date "2022.09.24"]
[Round "2"]
[White "Mammadova, Gulnar"]
[Black "Fataliyeva, Ulviyya"]
[Result "1-0"]
[ECO "B90"]
[WhiteElo "2382"]
[BlackElo "2408"]
[Annotator "TA"]
[PlyCount "82"]
[EventDate "2022.09.24"]
[EventType "tourn"]
[EventCountry "AZE"]
[SourceTitle "playchess.com"]
[Source "ChessBase"]
[SourceQuality "1"]
[TimeControl "180+2"]

1. e4 c5 2. Nf3 d6 3. d4 cxd4 4. Nxd4 Nf6 5. Nc3 a6 6. Be3 e5 7. Nb3 Be6 8. Qd2 Be7 9. f4 {[%emt 0:00:09] B90: Sicilian Najdorf: Unusual White 6th moves, 6 Be3 Ng4 and 6 Be3 e5.} Qc7 10. O-O-O Nbd7 11. Kb1 (11. f5 $14 Bc4 12. Bxc4 Qxc4 13. Qd3) 11... exf4 (11... b5 $11) 12. Bxf4 $14 Ne5 13. Nd4 O-O {[%emt 0:00:09] [#]} 14. Nf5 $146 ({Predecessor:} 14. g4 Rac8 15. g5 Nfd7 16. Nf5 Bxf5 17. Nd5 Qxc2+ 18. Qxc2 Rxc2 19. Nxe7+ Kh8 20. Nxf5 Rf2 21. Bg3 Rf3 22. Be2 {1-0 (22) Nitin,S (2381)-Almeida Junior,A (2174) Chess.com INT 2020}) 14... Rfd8 (14... Bxf5 $14 15. exf5 Rac8) 15. Nxe7+ (15. g4 $1 $16) 15... Qxe7 16. h3 b5 17. g4 Rac8 (17... b4 $5 18. Nd5 Bxd5 19. exd5 a5 $14) 18. a3 Rb8 19. Nd5 (19. Qd4 $14) 19... Bxd5 $11 20. exd5 a5 (20... b4 $15) 21. Bd3 b4 {[%emt 0:00:03] And now ...bxa3 would win.} 22. a4 Nfd7 (22... Nxd3 $11 23. Qxd3 Qe4) 23. Bg5 (23. Bb5 $14 {keeps the upper hand.}) 23... f6 $17 24. Be3 Nc5 $2 (24... b3 $17 {keeps the pressure on.} 25. c3 Qe8) 25. Bxc5 $16 dxc5 {[%emt 0:00:01][%cal Bd6c5,Bc5c4,Bc4c3][%mdl 32] [#]} 26. Bb5 ({White should try} 26. d6 $1 $16 Qf7 27. Be4) 26... Qd6 27. Rhf1 c4 28. g5 c3 $1 29. Qf4 (29. Qe3 $5 ) 29... Rf8 (29... fxg5 $1 $11 30. Qxg5 cxb2 31. Kxb2 Qc7) 30. Qe3 ({Better is} 30. gxf6 $16 {Threatens to win with Qg3.} Rxf6 31. Qe4) 30... cxb2 31. h4 (31. gxf6 $14 gxf6 32. Rg1+ (32. Kxb2 Rxb5 33. Qg1+ Kh8 $17) 32... Kh8 33. Rg2) 31... fxg5 $11 32. hxg5 Ng6 $2 (32... Rxf1 $1 $11 33. Rxf1 Qxd5) 33. Qd4 $2 ({White should play} 33. Qe6+ $18 Qxe6 34. dxe6) 33... Ne7 (33... Ne5 $11 {keeps the balance.}) 34. Bc4 $16 Rxf1 35. Bxf1 (35. Rxf1 $16 {Strongly threatening Qf4.} Ng6 36. Re1) 35... Rf8 {[%emt 0:00:02] [#] Against Qf4} (35... b3 $11 36. c4 Nf5) 36. Bh3 (36. Bd3 $1 $16) 36... Nf5 37. Qe4 (37. Qd3 $5 g6 38. Bg4 $14) 37... g6 (37... Qg3 $1 $11 {remains equal.} 38. Rd3 (38. Bxf5 {leads to mate.} Qa3 39. c4 b3 40. Be6+ Kh8) 38... Qxg5 39. Qe6+ Rf7 40. Qc8+ Rf8 41. Qe6+ Rf7 42. Kxb2 Qf6+ 43. Qxf6 Rxf6) 38. Rf1 (38. Qe6+ $16 Qxe6 39. dxe6) 38... Kg7 $2 (38... b3 $11 {and Black is okay.}) 39. Bxf5 $18 gxf5 40. Qd4+ {[%emt 0:00:05] Really sharp!} (40. Rxf5 $18 Rxf5 41. Qxf5) 40... Kg6 $2 (40... Kg8 $11) 41. Rh1 {[%emt 0:00:01] Threatening mate with Rh6+.} Kxg5 {Weighted Error Value: White=0.50/Black=0.53} 1-0

[Event "Susha Chess Blitz Women 2022"]
[Site "Shusha"]
[Date "2022.09.24"]
[Round "2"]
[White "Balajayeva, Khanim"]
[Black "Beydullayeva, Govhar"]
[Result "1-0"]
[ECO "A06"]
[WhiteElo "2379"]
[BlackElo "2346"]
[Annotator "TA"]
[PlyCount "79"]
[EventDate "2022.09.24"]
[EventType "tourn"]
[EventCountry "AZE"]
[SourceTitle "playchess.com"]
[Source "ChessBase"]
[SourceQuality "1"]
[TimeControl "180+2"]

1. Nf3 d5 2. g3 Bg4 3. Bg2 Nd7 4. O-O c6 5. d3 e5 6. h3 {[%emt 0:00:01] A07: Réti Opening: New York and Capablanca Systems.} (6. e4 {looks sharper.} dxe4 7. dxe4 Bc5 8. Nbd2) 6... Bxf3 7. Bxf3 Ngf6 8. Nd2 {[%emt 0:00:06] The position is equal.} Bc5 9. e4 dxe4 10. Nxe4 Nxe4 11. Bxe4 O-O {[%emt 0:00:07] [#]} 12. Bg2 $146 ({Predecessor:} 12. Qh5 g6 13. Qe2 Re8 14. Rb1 a5 15. b3 Nf8 16. Bg2 Qc7 17. a3 {1-0 (48) Martin Fuentes,A (2400)-Presa Villa,A (2098) Oviedo 2022}) 12... Qb6 13. Rb1 a5 14. Qg4 {[%emt 0:00:10] [#] Strongly threatening Bh6.} Nf6 15. Qf5 Rfe8 16. h4 Re6 17. h5 Nd5 18. Qg4 Rf6 19. Qe2 (19. Bf3 $11) 19... Nc3 $1 $15 20. bxc3 Qxb1 21. d4 $2 (21. Be3 $17 Qb6 22. Bg5) 21... exd4 $19 22. Bg5 Re6 ({Much less strong is} 22... Qxa2 23. Bxf6 Qe6 24. Qxe6 fxe6 25. Be5 $18 (25. cxd4 gxf6 26. dxc5 a4 $18)) 23. Qg4 Qxc2 24. cxd4 Be7 {[%emt 0:00:09] aiming for ...Bxg5.} 25. Be3 $2 (25. d5 cxd5 26. Bxd5) 25... Rd8 26. Qf4 Bd6 {[%emt 0:00:15] Against Qc7} 27. Qg5 Be7 28. Qf4 Qxa2 29. Qc7 b5 30. Bxc6 Qc4 31. d5 Rf6 (31... Rxd5 $19 {avoids the disaster.} 32. Rc1 {[#]} Rxc6 $1 33. Rxc4 Rxc7 34. Rxc7 Bf8) 32. Qxa5 $2 (32. Qxe7 $18 Rc8 33. Rc1) 32... Rc8 (32... h6 $17 33. Rc1 Qg4) 33. Qd2 (33. Qa7 $15 Bf8 34. Qd7 Rfxc6 35. dxc6 Qxc6 36. Rd1) 33... b4 34. Rc1 Qg4 {[%emt 0:00:03] Hoping for ...Bd6.} (34... Rcxc6 $2 35. dxc6 Rxc6 36. Rxc4 $18) ({Resist} 34... Rfxc6 35. Rxc4 Rxc4 36. d6 $18) 35. Rf1 $2 (35. Qd1 $17 Qxd1+ 36. Rxd1) 35... Qxh5 36. Bg5 $2 (36. Bb5 {might work better.}) 36... Rfxc6 37. dxc6 Bxg5 $2 ({Better is} 37... Qxg5 $19 38. Qxg5 Bxg5) 38. Qd7 $11 Rf8 (38... Rd8 $11 39. Re1 Kf8) 39. c7 $16 {[%emt 0:00:01][%mdl 1024] White has strong compensation. White is more active.} Be3 $2 40. c8=Q {[%emt 0:00:03] Weighted Error Value: White=0.65/Black=0.68} ({Inferior is} 40. fxe3 Qc5 $11) 1-0